Map: [TLMC15] Hardwire

Players

Solar

  • Race: Zerg Zerg

Cure - Winner!

  • Race: Terran Terran

Event: DreamHack SC2 Masters Last Chance 2022

VOD

Have the link to the VOD?

Description

Time

  • Played on: Jan. 16, 2022, 8:15 a.m.
  • Length: 16:30

All games in this series

Show
View Real Time Build Order
Export as new Build Order

Solar Zerg 

Build Orders: Hatch First, Lurkers 

Get SALT Encoding   

  12  0:00  Drone  
  13  0:12  Overlord  
  13  0:17  Drone  
  14  0:30  Drone x2  
  16  0:47  Hatchery  
  15  0:51  Drone  
  15  0:54  Drone  
  17  0:57  Drone  
  18  1:08  Extractor  
  17  1:13  Spawning Pool  
  17  1:16  Drone  
  17  1:19  Drone  
  18  1:27  Drone  
  19  1:39  Drone  
  20  1:52  Drone  
  21  1:59  Queen  
  21  2:00  Queen  
  25  2:02  Zergling x2  
  25  2:08  Overlord  
  26  2:12  Drone x2  
  28  2:22  Hatchery  
  27  2:26  Drone  
  27  2:27  Drone  
  29  2:31  Metabolic Boost  
  29  2:34  Drone  
  32  2:45  Queen  
  32  2:46  Overlord  
  32  2:50  Drone x2  
  34  2:55  Drone x2  
  35  3:07  Drone x2  
  35  3:08  Zergling x2  
  35  3:09  Drone x2  
  35  3:11  Queen  
  42  3:14  Drone  
  42  3:17  Overlord  
  43  3:25  Drone  
  44  3:29  Overlord  
  44  3:34  Queen  
  44  3:35  Drone  
  44  3:38  Zergling x4  
  44  3:39  Zergling x4  
  45  3:49  Drone  
  45  3:50  Drone x3  
  45  3:53  Drone  
  47  3:56  Drone x3  
  47  4:02  Queen  
  50  4:06  Overlord  
  53  4:10  Drone x2  
  53  4:11  Drone  
  53  4:14  Drone  
  55  4:21  Drone x3  
  55  4:23  Spore Crawler  
  57  4:29  Zergling x4  
  57  4:30  Drone, Roach Warren  
  59  4:32  Drone x2  
  59  4:35  Overlord  
  61  4:39  Extractor  
  61  4:40  Drone x2  
  61  4:41  Drone, Extractor  
  62  4:45  Lair  
  62  4:48  Drone  
  62  4:49  Drone x2  
  62  4:51  Drone  
  66  4:53  Zergling x2  
  66  4:55  Drone  
  66  4:56  Drone  
  66  4:58  Drone  
  66  4:59  Drone  
  71  5:06  Drone  
  71  5:07  Spore Crawler  
  71  5:09  Drone x2  
  71  5:12  Overlord  
  72  5:14  Spore Crawler, Overlord  
  72  5:16  Overlord  
  72  5:18  Drone x2  
  73  5:23  Overlord  
  73  5:32  Roach x4  
  73  5:35  Drone x4  
  84  5:39  Drone  
  84  5:40  Zergling x6  
  88  5:43  Extractor  
  88  5:44  Overseer, Extractor  
  88  5:47  Drone x2  
  88  5:48  Glial Reconstitution  
  88  5:49  Drone x2  
  90  5:51  Drone  
  90  5:52  Drone  
  90  5:54  Drone  
  90  5:55  Drone  
  90  5:56  Extractor  
  93  6:03  Drone, Evolution Chamber  
  93  6:06  Evolution Chamber  
  93  6:10  Drone x2  
  93  6:11  Drone, Overlord  
  95  6:13  Drone x2  
  95  6:15  Overlord  
  97  6:22  Overlord  
  97  6:24  Overlord  
  97  6:25  Hatchery, Overlord  
  96  6:28  Overlord  
  96  6:30  Roach x3  
  96  6:32  Roach  
  104  6:34  Zerg Missile Weapons Level 1  
  104  6:38  Zerg Ground Armor Level 1  
  104  6:40  Overlord  
  104  6:43  Roach x2  
  104  6:44  Roach  
  104  6:45  Roach  
  112  6:50  Roach x2  
  116  6:54  Ravager, Overseer  
  116  6:57  Roach x4  
  116  6:58  Overlord  
  125  7:07  Roach x2  
  125  7:08  Overlord  
  129  7:10  Ravager x2  
  131  7:16  Roach x4  
  131  7:17  Roach x3  
  145  7:23  Roach x2  
  145  7:24  Roach x2  
  145  7:28  Roach  
  146  7:32  Ravager x5  
  146  7:34  Overlord x2  
  151  7:37  Roach  
  151  7:38  Roach  
  151  7:42  Roach x2  
  159  7:45  Roach x3  
  159  7:46  Roach, Overlord  
  159  7:51  Overlord  
  167  7:53  Roach x2  
  175  7:58  Roach x3  
  175  8:05  Roach x4  
  181  8:10  Roach x4  
  177  8:14  Roach x2  
  173  8:20  Infestation Pit, Zergling x8  
  173  8:24  Roach  
  173  8:26  Queen  
  171  8:28  Roach  
  171  8:33  Roach x3  
  177  8:37  Zergling x6  
  177  8:40  Roach  
  177  8:41  Extractor  
  171  8:42  Extractor  
  171  8:43  Roach x2  
  171  8:47  Roach x2  
  158  8:49  Roach  
  158  8:51  Roach  
  158  8:52  Roach  
  160  8:57  Roach x2  
  160  8:58  Ravager  
  160  8:59  Ravager  
  160  9:00  Ravager  
  160  9:02  Roach  
  169  9:05  Roach x2  
  169  9:09  Drone x4  
  175  9:17  Drone x2  
  175  9:19  Drone x3, Hydralisk Den  
  175  9:23  Hive  
  178  9:28  Drone x2  
  178  9:31  Zerg Missile Weapons Level 2  
  173  9:32  Drone  
  166  9:38  Overlord  
  166  9:39  Drone x3  
  166  9:41  Overseer  
  169  9:47  Overlord  
  169  9:50  Drone  
  169  9:51  Drone, Lurker Den  
  172  9:55  Hydralisk  
  172  9:56  Hydralisk x4  
  172  9:58  Hydralisk  
  174  10:03  Zergling x8  
  174  10:05  Hydralisk  
  176  10:08  Hydralisk  
  176  10:11  Hydralisk x2  
  176  10:13  Hydralisk  
  174  10:17  Hydralisk x2  
  174  10:20  Hydralisk  
  174  10:21  Hydralisk  
  171  10:28  Drone  
  171  10:31  Ravager  
  172  10:38  Viper  
  172  10:39  Hatchery  
  172  10:40  Viper  
  177  10:45  Grooved Spines, Zergling x6  
  177  10:46  Zergling x2  
  177  10:48  Spore Crawler  
  180  10:52  Lurker  
  180  10:56  Lurker  
  182  11:00  Lurker  
  182  11:03  Extractor  
  182  11:04  Extractor  
  182  11:05  Hydralisk x2  
  182  11:06  Drone  
  179  11:16  Lurker x3  
  182  11:20  Lurker  
  183  11:26  Zergling x6  
  183  11:27  Zergling x2  
  183  11:32  Zergling x6  
  173  11:33  Zergling x6  
  166  11:40  Lurker x6  
  166  11:43  Zergling x8  
  166  11:46  Hydralisk  
  169  11:47  Zergling x20, Roach  
  169  11:50  Roach  
  169  11:52  Hydralisk  
  170  11:55  Seismic Spines  
  170  11:59  Roach x3  
  165  12:04  Lurker x2  
  165  12:05  Zergling x4  
  167  12:09  Roach x2  
  167  12:14  Overlord  
  167  12:15  Spore Crawler  
  168  12:16  Hydralisk  
  169  12:22  Lurker  
  169  12:23  Lurker  
  169  12:24  Zergling x6  
  169  12:27  Zergling x2  
  174  12:36  Zergling x10  
  169  12:47  Hydralisk, Lurker  
  169  12:48  Hydralisk x2  
  169  12:50  Zerg Ground Armor Level 2  
  175  12:52  Adaptive Talons, Zergling x4, Overlord  
  175  12:53  Overlord  
  175  12:55  Overlord  
  177  12:59  Overlord  
  173  13:06  Hydralisk x2, Hatchery  
  173  13:10  Muscular Augments  
  171  13:12  Zergling x2  
  171  13:13  Zergling x6  
  171  13:18  Roach x4  
  181  13:23  Lurker  
  159  13:28  Roach x3  
  159  13:31  Queen  
  159  13:33  Hydralisk x2  
  143  13:34  Zergling x10  
  143  13:40  Lurker  
  149  13:42  Zergling x6  
  149  13:48  Lurker  
  149  13:49  Zergling x8  
  149  13:53  Zergling x2  
  146  13:59  Hydralisk x2  
  137  14:04  Hydralisk x2  
  137  14:05  Zergling x2  
  141  14:12  Hatchery  
  141  14:15  Lurker x2  
  142  14:22  Lurker  
  144  14:31  Lurker  
  144  14:35  Hatchery  
  144  14:37  Zergling x6  
  146  14:48  Hydralisk x5  
  154  15:07  Drone x4  
  154  15:12  Lurker x2  
  160  15:14  Hatchery, Lurker  
  160  15:18  Lurker  
  160  15:19  Drone, Lurker  
  161  15:24  Extractor  
  161  15:25  Lurker, Extractor  
  161  15:27  Drone x2  
  162  15:29  Drone  
  159  15:39  Extractor  
  159  15:40  Hydralisk x2  
  159  15:41  Zergling x2  
  161  15:46  Hydralisk, Zergling x2  
  164  15:50  Drone  
  164  15:51  Hydralisk  
  166  16:01  Hydralisk x2  
  166  16:02  Hydralisk, Zergling x2  
Show
View Real Time Build Order
Export as new Build Order

Cure Terran - Winner!

Build Orders: Liberator Opening 

Get SALT Encoding   

  12  0:00  SCV  
  13  0:12  SCV  
  14  0:17  Supply Depot  
  14  0:24  SCV  
  14  0:27  Refinery  
  15  0:38  SCV  
  16  0:43  Barracks  
  16  0:50  SCV  
  17  1:03  SCV  
  18  1:15  SCV  
  19  1:30  Marine, Orbital Command  
  19  1:31  Factory  
  20  1:48  Barracks Reactor  
  20  1:55  SCV  
  20  1:58  Command Center  
  21  2:07  Supply Depot  
  21  2:08  SCV  
  22  2:21  SCV  
  23  2:29  Hellion x2, Supply Depot  
  27  2:33  SCV  
  28  2:44  Starport  
  28  2:45  SCV  
  28  2:48  Marine  
  30  2:56  Hellion x2  
  34  3:02  SCV  
  35  3:11  Orbital Command  
  35  3:16  SCV  
  36  3:21  Viking  
  36  3:26  Hellion  
  40  3:27  Supply Depot  
  40  3:29  Hellion  
  40  3:32  SCV  
  43  3:34  Barracks Tech Lab  
  43  3:36  SCV  
  44  3:44  SCV  
  43  3:51  SCV  
  43  3:54  Hellion x2  
  43  3:55  Liberator  
  47  3:56  SCV  
  46  4:04  SCV  
  46  4:08  SCV  
  48  4:11  Supply Depot  
  48  4:15  Hellion x2  
  50  4:18  SCV  
  50  4:20  SCV  
  52  4:24  Command Center  
  52  4:31  Supply Depot, SCV  
  53  4:32  SCV  
  53  4:37  Hellion x2  
  58  4:41  Stimpack, Marine  
  58  4:43  SCV  
  58  4:44  SCV  
  61  4:51  Barracks  
  61  4:55  SCV  
  61  4:56  SCV  
  63  5:00  Barracks  
  63  5:05  Factory Reactor  
  60  5:07  SCV  
  60  5:08  SCV, Refinery  
  60  5:09  Refinery x2, Engineering Bay, Marine  
  63  5:15  Starport Reactor  
  63  5:21  SCV x2  
  65  5:29  Barracks  
  65  5:30  Barracks  
  65  5:32  Marine  
  65  5:33  SCV x2  
  68  5:38  Engineering Bay  
  68  5:41  Orbital Command  
  68  5:46  SCV  
  68  5:48  SCV  
  70  5:56  Factory Reactor  
  70  5:57  Marine x2  
  70  5:58  SCV, Medivac x2  
  70  6:02  Marine x2  
  70  6:03  Marine  
  80  6:04  Supply Depot  
  80  6:05  SCV  
  80  6:09  Orbital Command  
  80  6:10  SCV  
  82  6:11  Terran Infantry Weapons Level 1, Terran Infantry Armor Level 1  
  82  6:16  Marine x2  
  82  6:17  SCV  
  85  6:19  Barracks Reactor  
  85  6:21  Barracks Reactor  
  85  6:22  SCV  
  86  6:28  Supply Depot, Combat Shield  
  86  6:30  SCV  
  87  6:33  Marine x3  
  87  6:34  SCV, Marine  
  87  6:35  Marine  
  93  6:41  SCV  
  93  6:42  SCV  
  93  6:46  SCV  
  96  6:48  Supply Depot  
  96  6:55  Marine x4  
  96  6:56  Marine x2  
  96  6:58  SCV x3  
  96  6:59  Marine x3  
  108  7:04  Armory  
  108  7:06  Supply Depot  
  108  7:09  Medivac x2  
  108  7:11  Widow Mine x2  
  108  7:13  Marine  
  117  7:24  SCV x2  
  117  7:26  SCV, Marine x3  
  117  7:27  Marine x3  
  117  7:28  Marine x2  
  116  7:31  Marine  
  116  7:36  SCV x2  
  119  7:38  SCV  
  119  7:39  Refinery x2  
  119  7:41  Supply Depot x2  
  120  7:44  Marine x2  
  120  7:46  Factory Tech Lab  
  120  7:47  Marine x4  
  124  7:51  Marine  
  125  8:02  Medivac x2  
  125  8:03  Marauder  
  130  8:06  Marine x7  
  130  8:07  Siege Tank  
  139  8:16  Marine  
  139  8:19  Supply Depot  
  135  8:20  Supply Depot  
  135  8:23  Marine x2  
  135  8:24  Marine  
  135  8:26  Marauder  
  133  8:30  Supply Depot  
  133  8:31  Supply Depot  
  126  8:36  Orbital Command  
  126  8:41  Medivac x2  
  123  8:42  Siege Tank  
  122  8:49  Terran Infantry Weapons Level 2, Terran Infantry Armor Level 2  
  122  8:53  Marauder, SCV x2, Marine x5  
  130  9:03  SCV  
  130  9:05  SCV x2  
  130  9:09  Marine x3  
  136  9:11  Marine  
  136  9:15  Siege Tank  
  139  9:17  SCV  
  139  9:18  SCV x2  
  139  9:22  Marine x3  
  139  9:23  Marauder  
  147  9:30  SCV, Marine x4  
  138  9:42  Command Center  
  138  9:43  SCV x3  
  141  9:45  Marine x2  
  141  9:46  Marauder, Marine x2  
  141  9:48  Marine x2  
  141  9:50  Supply Depot  
  141  9:52  Supply Depot  
  149  9:53  Siege Tank  
  149  9:54  Terran Vehicle Weapons Level 1  
  149  9:57  Factory  
  149  10:02  Marine x2  
  149  10:03  Marine x2  
  150  10:07  Marauder, Liberator  
  150  10:08  Liberator  
  150  10:10  Concussive Shells  
  154  10:15  Marine x4  
  148  10:22  Marine x4  
  148  10:25  Siege Tank  
  155  10:31  Marauder  
  155  10:33  Marine x4  
  161  10:40  Marine x4  
  161  10:42  Factory Tech Lab  
  165  10:46  Missile Turret  
  165  10:49  SCV  
  167  10:50  SCV, Marine x4  
  167  10:52  Supply Depot  
  167  10:53  Marauder  
  167  10:54  SCV  
  174  11:01  Siege Tank x2  
  174  11:02  SCV  
  174  11:03  Supply Depot  
  181  11:06  Terran Infantry Weapons Level 3  
  179  11:15  Marine x6  
  179  11:16  Marauder  
  185  11:19  Liberator  
  185  11:24  Liberator  
  182  11:36  Marine x4  
  182  11:37  Marauder  
  182  11:38  Siege Tank x2  
  185  11:40  Planetary Fortress  
  176  11:58  Marauder  
  174  12:01  Marine x4  
  174  12:07  SCV x3  
  181  12:10  Siege Tank x2  
  181  12:11  Medivac x2  
  191  12:17  Marine x4  
  191  12:19  SCV  
  191  12:20  Marauder  
  192  12:36  Marine x4  
  196  12:37  Terran Infantry Armor Level 3  
  196  12:41  Marauder  
  198  12:52  Marine x2  
  200  13:05  Ghost Academy  
  200  13:07  Barracks  
  200  13:08  Barracks  
  200  13:09  Barracks  
  187  13:13  Siege Tank x2  
  187  13:14  Marauder, Marine x5  
  197  13:24  Marine x2  
  197  13:25  Marine  
  185  13:31  Marine x2  
  185  13:32  Marine x3  
  165  13:35  Marauder  
  165  13:37  SCV x4  
  171  13:42  Marine x3  
  171  13:46  Siege Tank x2  
  177  13:49  Marine x5  
  159  13:57  Marauder  
  159  14:00  Marine x2  
  159  14:01  Barracks Tech Lab x2, Marine  
  159  14:02  Barracks Tech Lab  
  147  14:06  SCV x4  
  147  14:07  Marine x4  
  150  14:10  Missile Turret  
  150  14:20  Sensor Tower  
  150  14:22  Ghost x2  
  156  14:24  Ghost x2  
  158  14:34  Refinery, Personal Cloaking  
  158  14:35  Refinery  
  158  14:50  Ghost x2  
  162  14:59  Viking x2  
  166  15:02  Ghost  
  166  15:03  Ghost  
  166  15:06  Command Center  
  170  15:09  Siege Tank  
  170  15:11  Siege Tank  
  176  15:18  Marine x4  
  180  15:24  Ghost  
  180  15:27  Orbital Command  
  182  15:43  Missile Turret  
  182  15:44  Sensor Tower  
  182  15:45  Siege Tank x2  
  182  15:47  Marine x5  
  182  15:48  Marauder  
  155  16:06  Marauder, Marine x4  
  155  16:07  Marauder x2  

Tags
 
Add a new tag
Caveats
  • Supply blocks, unpowered buildings, or Contaminate may cause inaccurate times.
  • Supply counts are checked every 10 seconds.